 Dungeon Crawl Stone Soup version 0.31-a0-865-g3d5d91748a (webtiles) character file.

Game seed: 2935627093863560570

2565 senseless the Sneak (level 9, -6/61 HPs)
             Began as an Octopode Shapeshifter on Oct 10, 2023.
             Was a Follower of Dithmenos.
             Killed by divine providence
             ... invoked by an orc priest
              (16 damage)
             ... on level 8 of the Dungeon.
             The game lasted 00:26:20 (7806 turns).

senseless the Sneak (Octopode Shapeshifter)         Turns: 7806, Time: 00:26:21

Health: -6/61      AC:  1    Str: 13    XL:     9   Next: 57%
Magic:  9/9        EV: 15    Int: 12    God:    Dithmenos [*.....]
Gold:   481        SH:  7    Dex: 16    Spells: 8/8 levels left

rFire   . .          .
                       - Unarmed
rCold   . . .        h - +2 buckler
rNeg    . . .        (helmet currently unavailable)
rPois   .            g - amulet of faith
rElec   .            (no ring)
rCorr   .            (no ring)
SInv    .            (no ring)
Will    .....        (no ring)
Stlth   ++++++       (no ring)
HPRegen 0.30/turn    (no ring)
MPRegen 0.11/turn    (no ring)
                     (no ring)

%: faith
@: beast-form, wreathed by umbra
A: beast (slay +3), almost no armour, amphibious, 8 rings, camouflage 1,
gelatinous body 1, (nimble swimmer 1), tentacles
a: Begin Untransformation, Renounce Religion


You were on level 8 of the Dungeon.
You worshipped Dithmenos.
Dithmenos was aware of your devotion.
You were a hulking beast.
You visited 2 branches of the dungeon, and saw 9 of its levels.
You also visited: Sewer and Ossuary.

You collected 496 gold pieces.
You spent 15 gold pieces at shops.

Inventory:

Hand Weapons
 a - a +3 heavy sling
 o - a +3 heavy dagger
 v - a +1 spear of flaming
Armour
 h - a +2 buckler (worn)
Jewellery
 g - an amulet of faith (around mantle)
Talismans
 b - a beast talisman (active)
 c - a flux talisman
Wands
 u - a wand of iceblast (8)
 x - a wand of quicksilver (8)
Scrolls
 f - a scroll of fear
 m - a scroll of poison
 n - 2 scrolls of teleportation
 q - a scroll of immolation
 s - 2 scrolls of blinking
 t - a scroll of revelation
 w - a scroll of amnesia
Potions
 d - a potion of magic
 e - 3 potions of might
 i - a potion of resistance {unknown}
 k - 5 potions of haste
 l - 6 potions of lignification
 p - 4 potions of mutation
 r - a potion of brilliance
 z - a potion of berserk rage {unknown}


   Skills:
 + Level 5.3 Fighting
 + Level 5.6 Dodging
 + Level 7.5 Stealth
 + Level 4.1 Shields
 + Level 6.0 Unarmed Combat
 + Level 5.6 Shapeshifting


You had 8 spell levels left.
You didn't know any spells.
Your spell library contained the following spells:

 Spells                   Type           Power      Damage    Failure   Level
 Blink                    Tloc           0%         N/A       54%         2
 Ensorcelled Hibernation  Hex/Ice        0%         N/A       54%         2
 Passwall                 Tmut/Erth      0%         N/A       54%         2
 Dazzling Flash           Conj/Hex       0%         N/A       78%         3
 Ignite Poison            Fire/Tmut/Pois 0%         N/A       78%         3
 Stone Arrow              Conj/Erth      0%         3d7       78%         3
 Swiftness                Air            0%         N/A       78%         3
 Manifold Assault         Tloc           0%         N/A       99%         4
 Sticky Flame             Conj/Fire      0%         2d3       99%         4
 Agony                    Necr           0%         N/A       100%        5
 Silence                  Hex/Air        0%         N/A       100%        5
 Ignition                 Fire           0%         3d3       100%        8
 Lehudib's Crystal Spear  Conj/Erth      0%         10d2      100%        8
 Animate Armour           Summ/Erth      Unusable   N/A       N/A         4

Dungeon Overview and Level Annotations

Branches:
Dungeon (8/15)             Temple (1/1) D:5           Sewer (visited)
Ossuary (visited)
   Lair: D:8-11

Altars:
Ashenzari
Dithmenos
Elyvilon
Fedhas
Gozag
Hepliaklqana
Nemelex Xobeh
Qazlal
Ru
Sif Muna
Uskayaw
Vehumet
Xom
Yredelemnul
Zin
The Shining One

Shops:
D:4 *   D:5 ((!


Innate Abilities, Weirdness & Mutations

You are a hulking beast.
Your limbs bulge with bestial killing power. (Slay +3)
You cannot wear most types of armour.
You are amphibious.
You can wear up to eight rings at the same time.
Your skin changes colour to match your surroundings (Stealth+).
Your rubbery body absorbs attacks. (AC +1, EV +1)
((You are camouflaged when in or above water. (Stealth+)))
You have tentacles for arms and can constrict up to eight enemies at once.


Message History

You constrict the orc warrior.
The orc priest miscasts a cantrip.
The orc warrior hits you with a +0 dire flail!
You bludgeon the orc warrior!
The orc warrior is almost dead.
You constrict the orc warrior, but do no damage.
The orc warrior misses you.
You tentacle-slap the orc warrior but do no damage.
The orc warrior is almost dead.
You constrict the orc warrior. The orc warrior barely misses you.
You tentacle-slap the orc warrior but do no damage.
You squeeze the orc warrior, but do no damage.
The orc warrior is almost dead.
You constrict the orc warrior, but do no damage.
The orc warrior barely misses you.
You tentacle-slap the orc warrior but do no damage.
You squeeze the orc warrior.
You kill the orc warrior!
Dithmenos accepts your kill.
The orc priest invokes the aid of Beogh against you.
Pain shoots through your body!
* * * LOW HITPOINT WARNING * * *
Your Unarmed Combat skill increases to level 6!
You feel better. The orc priest hits you with a +0 club.
* * * LOW HITPOINT WARNING * * *
You tentacle-slap the orc priest. Your grab misses the orc priest.
You squeeze the orc priest!
The orc priest is severely wounded.
The orc priest hits you with a +0 club.
* * * LOW HITPOINT WARNING * * *
You tentacle-slap the orc priest.
You kill the orc priest!
Dithmenos accepts your kill.
You tentacle-slap the orc priest but do no damage.
You grab the orc priest. You squeeze the orc priest.
The orc priest is heavily wounded.
You constrict the orc priest.
The orc priest invokes the aid of Beogh against you.
Beogh smites you!
You die...

.... #......##.....# .. .....
#......##.....####### ...
.<...##......>.....##.....##...
..o..)..............<..........
..o.)........########..........
.............# ....##.....##..
#.....>##....##.....#
#......##....##.....##
#......oh............#
##......##....##......#
+.......##....##.....##
##......##.....#.....#..
##......##.....#.≈≈≈§≈.≈≈
................'.≈####+##
.......<..##....##.##
..........##....##.#
..........#.....##.#


You could see an orc priest.

Vanquished Creatures
  An orc warrior (D:8)
  A black bear (D:5)
  2 ice beasts
  A sky beast (D:7)
  2 ogres
  A centaur (D:5)
  3 phantoms
  5 kobold brigands
  2 scorpions
  6 wights
  5 hounds
  2 jellies
  3 orc priests
  A centaur zombie (Ossuary)
  2 human zombies (Ossuary)
  Jessica (D:3)
  Terence (D:2)
  Natasha (thrice) (D:2)
  2 orc wizards
  2 mummies (Ossuary)
  2 river rats (Sewer)
  7 adders
  A white imp (D:5)
  2 ufetubi
  An adder zombie (Ossuary)
  4 worms
  2 dart slugs
  27 orcs
  3 endoplasms
  A giant cockroach (D:1)
  10 hobgoblins
  2 jackals (Sewer)
  13 kobolds
  A quokka (D:2)
  7 ball pythons
  5 bats
  10 frilled lizards
  8 goblins
  3 goblin zombies (Ossuary)
  8 hobgoblin zombies (Ossuary)
  7 kobold zombies (Ossuary)
  10 orc zombies (Ossuary)
  5 rats
  4 rat zombies (Ossuary)
189 creatures vanquished.

Notes
Turn   | Place    | Note
-------+----------+-------------------------------------------
     0 | D:1      | senseless the Octopode Shapeshifter began the quest for the
                  | Orb.
     0 | D:1      | Reached XP level 1. HP: 13/13 MP: 1/1
   109 | D:1      | Reached XP level 2. HP: 12/18 MP: 2/2
   122 | D:1      | Reached skill level 1 in Stealth
   644 | D:2      | Reached XP level 3. HP: 23/23 MP: 3/3
   685 | D:2      | Reached skill level 2 in Stealth
   685 | D:2      | Reached XP level 4. HP: 27/29 MP: 4/4
   992 | D:2      | Noticed Terence
  1002 | D:2      | Killed Terence
  1024 | D:2      | Found a faded altar of an unknown god.
  1067 | D:2      | Noticed Natasha
  1069 | D:2      | Killed Natasha
  1070 | D:2      | Reached XP level 5. HP: 34/34 MP: 5/5
  1213 | D:2      | Noticed Natasha
  1217 | D:2      | Killed Natasha
  1566 | D:2      | Noticed Natasha
  1569 | D:2      | Killed Natasha
  1570 | D:2      | Reached skill level 3 in Stealth
  1580 | D:3      | Noticed Jessica
  1585 | D:3      | Killed Jessica
  1706 | D:3      | Reached XP level 6. HP: 41/41 MP: 6/6
  2141 | D:3      | Found a glowing golden altar of the Shining One.
  2351 | D:4      | Found a sand-covered staircase.
  2357 | Ossuary  | Entered an ossuary
  2561 | Ossuary  | Reached skill level 4 in Stealth
  3003 | D:4      | Reached XP level 7. HP: 28/46 MP: 7/7
  3243 | D:4      | Reached skill level 1 in Shields
  3554 | D:4      | Found an opulent altar of Gozag.
  3580 | D:4      | Found Xiajoaw's Mayhem Merchandise.
  3757 | D:4      | Found a sparkling altar of Nemelex Xobeh.
  4234 | D:5      | Entered Level 5 of the Dungeon
  4252 | D:5      | Found Mama's Distillery.
  4255 | D:5      | Bought a potion of degeneration for 15 gold pieces
  4277 | D:5      | Found Zavil's Antique Weapon Emporium.
  4314 | D:5      | Found a blossoming altar of Fedhas.
  4370 | D:5      | Reached skill level 5 in Stealth
  4370 | D:5      | Reached XP level 8. HP: 54/54 MP: 8/8
  4563 | D:5      | Found a glowing drain.
  4576 | Sewer    | Entered a sewer
  4618 | Sewer    | Reached skill level 5 in Unarmed Combat
  4931 | Sewer    | Reached skill level 6 in Stealth
  5466 | D:5      | Reached skill level 5 in Shapeshifting
  5526 | D:5      | Found a staircase to the Ecumenical Temple.
  5535 | Temple   | Entered the Ecumenical Temple
  5542 | Temple   | Became a worshipper of Dithmenos the Shadowed
  5689 | D:5      | Found Ysyona's Antique Weapon Boutique.
  5698 | D:5      | Reached skill level 5 in Dodging
  6199 | D:6      | Reached XP level 9. HP: 28/59 MP: 9/9
  6924 | D:7      | HP: 3/60 [something (5)]
  6929 | D:7      | Reached skill level 5 in Fighting
  6978 | D:7      | Reached * piety under Dithmenos
  7028 | D:7      | Reached skill level 7 in Stealth
  7806 | D:8      | Killed from afar by an orc priest

Illustrated notes

Levels and vault maps discovered:
D:1:      dpeg_arrival_pond, layout_basic
D:2:      cheibrodos_pilgrimage, layout_basic, ebering_ecumenical_altar_webs,
          serial_rivers, chequers_serial_rivers_marsh,
          chequers_serial_rivers_large_a, chequers_serial_rivers_small_b,
          chequers_serial_rivers_large_b, chequers_serial_rivers_small_b,
          uniq_natasha, uniq_terence
D:3:      wander_river, layout_loops_cross, tso_altar, uniq_jessica
D:4:      layout_layer_cave, grunt_gozag_breadcrumbs, nemelex_dance_club_becter,
          nicolae_ossuary_entry_plus, minmay_shop_mayhem
D:5:      layout_loops_corners, fedhas_altar_fruit_tree,
          minmay_temple_entry_antechambers, cheibrodos_sewer_entry_bend,
          serial_shops, nicolae_shop_tiny_real_fake_doors, shop, shop
D:6:      layout_cave_pools, kennysheep_generic_room_10
D:7:      layout_basic, minmay_holes
D:8:      layout_gridville, lightli_temple_of_fire, minivault_24,
          grunt_potential, uniq_maggie, uniq_amaemon
Temple:   nicolae_temple_ecumenical_triangle

Skill      XL: |  1  2  3  4  5  6  7  8  9 |
---------------+----------------------------+-----
Stealth        | 1 2 3 4 5 6 7 |  7.5
Fighting       | 2 3 4 5 |  5.3
Dodging        | 3 4 5 |  5.6
Unarmed Combat | 4 5 6 |  6.0
Shapeshifting  | 4 5 |  5.6
Shields        | 1 3 4 |  4.1

Action                     |  1- 3 |  4- 6 |  7- 9 || total
---------------------------+-------+-------+-------++-------
  Melee: Unarmed           |    36 |    61 |   162 ||   259
         Constrict         |    12 |    18 |    33 ||    63
         Tentacles         |     7 |    13 |    47 ||    67
         Punch             |       |     7 |     7 ||    14
   Fire: Sling             |     9 |   133 |   133 ||   275
    Use: Scroll            |       |    13 |    11 ||    24
         Potion            |       |     3 |     3 ||     6
   Stab: Sleeping          |     4 |       |     4 ||     8
 Armour: Skin              |    17 |    42 |    63 ||   122
  Dodge: Dodged            |    28 |    64 |    97 ||   189
  Block: Buckler           |       |       |    29 ||    29

Table legend: (Time is in decaauts)
 A = Elapsed time spent in this place.
 B = Non-inter-level travel time spent in this place.
 C = Inter-level travel time spent in this place.
 D = Time resting spent in this place.
 E = Time spent auto-exploring this place.
 F = Levels seen in this place.
 G = Mean time per level.
                   A        B        C        D        E       F      G
               +--------+--------+--------+--------+--------+-----+--------+
         Total |   7894 |   7566 |    328 |     69 |   6049 |  11 |  717.6 |
       Dungeon |   6678 |   6354 |    324 |     64 |   5352 |   8 |  834.8 |
        Temple |     12 |      8 |      4 |      0 |      0 |   1 |   12.0 |
         Sewer |    788 |    788 |      0 |      0 |    503 |   1 |  788.0 |
       Ossuary |    414 |    414 |      0 |      5 |    194 |   1 |  414.0 |
               +--------+--------+--------+--------+--------+-----+--------+

Top non-repeatable levels by time:
     D:4: 1587 daAuts
     D:5: 1074 daAuts
     D:2: 945 daAuts
     D:6: 816 daAuts
   Sewer: 788 daAuts
     D:7: 717 daAuts
     D:3: 690 daAuts
     D:1: 638 daAuts
 Ossuary: 414 daAuts
     D:8: 208 daAuts
  Temple: 12 daAuts
